Map: Site Delta LE

Players

Frost - Winner!

  • Race: Protoss Protoss
  • League: Diamond
  • Spawn Location: 5:00

Choice

  • Race: Zerg Zerg
  • League: Master
  • Spawn Location: 11:00

VOD

Have the link to the VOD?

Description

Time

  • Played on: March 23, 2024, 4:13 a.m.
  • Length: 10:37
Show
View Real Time Build Order
Export as new Build Order

Frost Protoss - Winner!

Build Orders: Nexus First 

Get SALT Encoding   

  12  0:01  Probe (Chrono Boost)  
  13  0:10  Probe (Chrono Boost)  
  14  0:19  Probe  
  15  0:23  Pylon  
  15  0:41  Probe  
  16  0:58  Nexus  
  16  1:01  Probe (Chrono Boost)  
  18  1:12  Probe (Chrono Boost)  
  18  1:16  Gateway  
  18  1:19  Probe  
  19  1:29  Assimilator  
  19  1:33  Probe  
  19  1:35  Assimilator  
  20  1:42  Pylon  
  20  1:45  Probe  
  21  1:57  Probe  
  22  2:09  Probe  
  22  2:15  Cybernetics Core, Probe  
  24  2:18  Gateway  
  24  2:20  Zealot (Chrono Boost)  
  24  2:21  Probe  
  27  2:27  Probe  
  28  2:34  Probe  
  29  2:42  Probe  
  30  2:49  Probe  
  30  2:50  Stalker (Chrono Boost)  
  31  2:51  Shield Battery  
  31  2:54  Warp Gate  
  31  2:55  Probe  
  34  3:01  Probe  
  35  3:07  Probe  
  35  3:12  Sentry, Pylon  
  38  3:13  Probe  
  40  3:20  Probe  
  40  3:23  Sentry  
  40  3:26  Probe  
  43  3:32  Probe  
  44  3:40  Robotics Facility x2  
  43  3:42  Probe (Chrono Boost)  
  43  3:45  Assimilator, Probe (Chrono Boost)  
  43  3:47  Assimilator  
  45  3:51  Pylon  
  45  3:54  Probe (Chrono Boost)  
  46  4:02  Probe (Chrono Boost)  
  47  4:04  Gateway  
  47  4:06  Gateway  
  47  4:07  Probe (Chrono Boost)  
  47  4:09  Probe  
  49  4:15  Pylon  
  49  4:19  Probe  
  49  4:21  Probe  
  51  4:26  Immortal (Chrono Boost)  
  59  4:32  Immortal (Chrono Boost)  
  59  4:44  Probe  
  60  4:49  Pylon  
  60  4:50  Sentry  
  62  4:55  Immortal (Chrono Boost)  
  66  5:04  Immortal (Chrono Boost)  
  66  5:06  Pylon  
  70  5:07  Pylon  
  70  5:12  Sentry  
  72  5:20  Pylon  
  72  5:27  Immortal (Chrono Boost)  
  76  5:31  Pylon  
  76  5:35  Gateway  
  80  5:36  Immortal (Chrono Boost)  
  80  5:46  Gateway  
  80  5:55  Gateway  
  80  5:56  Warp Prism  
  82  5:58  Sentry x2  
  86  6:06  Gateway  
  86  6:08  Pylon  
  86  6:09  Observer, Colossus  
  86  6:10  Pylon, Colossus  
  87  6:12  Pylon  
  87  6:24  Adept x3  
  93  6:25  Adept  
  95  6:40  Stalker x2  
  99  6:49  Pylon  
  99  6:50  Pylon  
  99  6:58  Stalker x4  
  107  7:22  Stalker x2  
  109  7:23  Stalker x4  
  119  7:54  Stalker x2  
  119  7:55  Colossus, Stalker x6  
  135  8:11  Pylon  
  135  8:14  Pylon  
  135  8:22  Adept  
  135  8:23  Adept x4  
  135  8:24  Adept  
  135  8:25  Sentry  
  149  8:31  Sentry  
  113  9:04  Stalker x4  
  113  9:05  Stalker x3  
  113  9:34  Stalker x5  
  113  9:35  Stalker  
  125  10:13  Stalker x4  
  125  10:14  Stalker x4  
Show
View Real Time Build Order
Export as new Build Order

Choice Zerg 

Build Orders: Hatch First 

Get SALT Encoding   

  12  0:00  Drone  
  13  0:12  Overlord  
  13  0:17  Drone  
  14  0:31  Drone x2  
  16  0:48  Hatchery  
  15  0:51  Drone  
  15  0:55  Drone  
  17  0:59  Drone  
  18  1:09  Extractor  
  17  1:15  Spawning Pool  
  16  1:19  Drone  
  16  1:20  Drone  
  18  1:31  Drone  
  19  1:42  Drone  
  20  1:55  Overlord  
  20  2:02  Queen x2  
  20  2:03  Zergling x4  
  26  2:13  Metabolic Boost  
  26  2:17  Drone x2  
  28  2:32  Hatchery  
  27  2:38  Drone x2  
  27  2:39  Overlord  
  29  2:46  Queen  
  31  2:57  Drone x3  
  31  2:58  Drone  
  35  3:12  Drone x2  
  37  3:19  Drone x3, Overlord  
  40  3:23  Overlord  
  40  3:29  Drone  
  41  3:42  Queen  
  41  3:44  Queen  
  41  3:45  Drone x2  
  41  3:46  Drone, Overlord  
  48  3:54  Zergling x4  
  50  4:04  Drone x7  
  50  4:06  Queen  
  59  4:14  Roach Warren  
  58  4:20  Overlord  
  58  4:21  Overlord  
  58  4:22  Drone x4  
  62  4:26  Extractor x2  
  62  4:29  Overlord  
  60  4:35  Lair  
  60  4:39  Drone x3  
  60  4:40  Overlord x2  
  60  4:43  Extractor  
  62  4:45  Drone  
  62  4:50  Queen  
  65  5:00  Drone x3  
  65  5:01  Drone  
  65  5:02  Roach x3  
  65  5:04  Roach  
  77  5:08  Drone  
  78  5:14  Roach x3  
  84  5:23  Roach x4  
  84  5:24  Roach  
  94  5:37  Ravager x3  
  94  5:39  Overlord x4  
  97  5:56  Roach x4  
  105  6:12  Roach  
  105  6:13  Roach x8  
  105  6:15  Hatchery  
  105  6:16  Ravager  
  105  6:17  Overseer  
  123  6:20  Overlord x2  
  123  6:24  Baneling Nest  
  122  6:30  Glial Reconstitution  
  122  6:31  Overlord x2  
  122  6:35  Drone x3  
  122  6:36  Drone  
  125  6:46  Overlord  
  125  6:47  Overlord  
  124  6:48  Roach x3  
  130  7:00  Roach  
  132  7:08  Ravager  
  132  7:09  Ravager x3  
  132  7:10  Roach  
  138  7:19  Roach x4  
  137  7:29  Roach  
  138  7:30  Roach x3  
  132  7:41  Roach x5  
  140  7:48  Zergling x18  
  140  7:49  Ravager  
  144  8:03  Roach x5  
  147  8:17  Roach x3  
  148  8:29  Centrifugal Hooks  
  148  8:30  Roach x7  
  151  8:46  Roach  
  151  8:47  Roach x5  
  131  9:05  Roach x4  
  131  9:06  Roach x4  
  141  9:11  Roach x2  
Tags
 
Add a new tag
Caveats
  • Supply blocks, unpowered buildings, or Contaminate may cause inaccurate times.
  • Supply counts are checked every 10 seconds.